 Dungeon Crawl Stone Soup version 0.20-a0-2-g2b0e13a (webtiles) character file.

1092 Jivvin the Cleaver (level 8, -1/67 HPs)
             Began as a Hill Orc Abyssal Knight on Oct 28, 2016.
             Was a Believer of Lugonu.
             Slain by a worker ant (3 damage)
             ... on level 6 of the Dungeon.
             The game lasted 00:05:41 (7919 turns).

Jivvin the Cleaver (Hill Orc Abyssal Knight)        Turns: 7919, Time: 00:05:42

Health: -1/67      AC: 11    Str: 19    XL:     8   Next: 31%
Magic:  9/9        EV: 10    Int: 12    God:    Lugonu [**....]
Gold:   161        SH:  0    Dex: 10    Spells: 0 memorised, 7 levels left

rFire  . . .     SeeInvis .     a - +1 hand axe
rCold  . . .     Gourm    .     k - +2 ring mail
rNeg   . . .     Faith    .     (no shield)
rPois  .         Spirit   .     t - +2 helmet
rElec  .         Reflect  .     (no cloak)
rCorr  .         Harm     .     (no gloves)
MR     .....     Rnd*Rage +     (no boots)
Stlth  ..........               (no amulet)
                                (no ring)
                                (no ring)

@: drained
A: berserk 1, screaming 1, strong 1
a: Depart the Abyss, Bend Space, Renounce Religion


You were on level 6 of the Dungeon.
You worshipped Lugonu.
Lugonu was pleased with you.
You were very hungry.

You visited 1 branch of the dungeon, and saw 6 of its levels.
You visited the Abyss 1 time.

You collected 161 gold pieces.

Inventory:

Hand Weapons
 a - a +1 hand axe (weapon)
Armour
 k - a +2 ring mail (worn)
 t - a +2 helmet (worn)
Scrolls
 f - 3 scrolls of identify
 n - a scroll of immolation
 q - a scroll of random uselessness
Potions
 b - a potion of cancellation
 r - a potion of brilliance
Books
 s - a book of Changes

   Spells                             Type                      Level
   a - Beastly Appendage              Transmutation                1
   b - Sticks to Snakes               Transmutation                2
   c - Spider Form                    Transmutation/Poison         3
   d - Ice Form                       Ice/Transmutation            4
   e - Blade Hands                    Transmutation                5
Comestibles
 h - a beef jerky
 i - a meat ration
 l - 5 fruits


   Skills:
 + Level 4.6(4.3) Fighting
 - Level 11.1(10.7) Axes
 * Level 4.4(4.1) Armour
 - Level 0.7(0.4) Dodging
 - Level 2.4(2.1) Invocations


You had 7 spell levels left.
You didn't know any spells.

Dungeon Overview and Level Annotations

Branches:
Dungeon (6/15)
 Temple: D:4-7

Altars:
Ashenzari

Shops:
D:5 *

Annotations:
D:5 fazisi's ghost, novice TeAE


Innate Abilities, Weirdness & Mutations

You tend to lose your temper in combat.
You occasionally shout uncontrollably at your foes.
Your muscles are strong. (Str +2)


Message History

The orc wizard seems to speed up.
You see here an arrow.
Unknown command.
Your surroundings suddenly seem different.
You feel sick.
You feel sick.
You feel sick.
The worker ant twitches its antennae in your direction.
The worker ant twitches its antennae in your direction.
You see here a potion of mutation.
You feel sick.
You feel sick.
You feel sick.
The worker ant waves its antennae.
You feel sick.
The worker ant bites you but does no damage.
You feel sick.
You are no longer poisoned.
The worker ant bites you.
You die...

#...# ######....# #...#
######.........# #...#
###......####....#
####...###...###### #..###
.......#.........## #.##
#...#)#........## #.#
#........†......# #(#
#...##..........# #.# ..
#..>##.@.[......# #.# #..#
##.###.a........###.#
#...###.###..............#
#.............(...#.####
####..###.....g.....#
#...# #...........#
####.#.# #?.....a....#
#..<.#.# #...........#
#....####.# #...........#


You could see 2 worker ants and a gnoll.

Vanquished Creatures
  Pikel (D:4)
  3 slaves
  A phantom (D:6)
  An ogre (D:4)
  3 scorpions
  2 howler monkeys (D:4)
  An iguana (D:4)
  Jessica (D:2)
  7 adders
  A gnoll (D:1)
  2 oozes
  2 worms
  2 dart slugs (D:1)
  3 leopard geckos
  3 orcs
  4 giant cockroaches
  12 goblins
  8 hobgoblins
  15 jackals
  10 kobolds
  A quokka (D:2)
  A ball python (D:3)
  11 bats
  14 frilled lizards
  A leopard gecko skeleton (D:6)
  9 rats
119 creatures vanquished.

Notes
Turn   | Place    | Note
-------+----------+-------------------------------------------
     0 | Abyss:1  | Jivvin the Hill Orc Abyssal Knight began the quest for the Orb.
     0 | Abyss:1  | Reached XP level 1. HP: 19/19 MP: 2/2
    72 | Abyss:1  | Noticed a stone giant zombie
    75 | D:1      | Escaped the Abyss
   378 | D:1      | Reached skill level 3 in Axes
   385 | D:1      | Reached XP level 2. HP: 9/26 MP: 3/3
   387 | D:1      | Reached * piety under Lugonu
   394 | D:1      | Reached skill level 4 in Axes
  1055 | D:1      | Reached XP level 3. HP: 22/31 MP: 4/4
  1214 | D:1      | Reached skill level 5 in Axes
  1330 | D:1      | Found a shattered altar of Ashenzari.
  1391 | D:1      | Reached XP level 4. HP: 10/39 MP: 5/5
  1844 | D:2      | Noticed Jessica
  1849 | D:2      | Killed Jessica
  1849 | D:2      | Reached skill level 6 in Axes
  1906 | D:2      | Reached ** piety under Lugonu
  2313 | D:2      | Reached XP level 5. HP: 44/45 MP: 6/6
  2815 | D:3      | Reached skill level 7 in Axes
  2852 | D:3      | Gained mutation: You tend to lose your temper in combat. [potion of mutation]
  2852 | D:3      | Gained mutation: You occasionally shout uncontrollably at your foes. [potion of mutation]
  2852 | D:3      | Gained mutation: Your muscles are strong. (Str +2) [potion of mutation]
  4420 | D:4      | Reached skill level 8 in Axes
  4420 | D:4      | Reached XP level 6. HP: 51/51 MP: 7/7
  4958 | D:5      | Entered Level 5 of the Dungeon
  4963 | D:5      | Noticed Pikel
  4963 | D:5      | Noticed a slave
  4963 | D:5      | Noticed a slave
  4964 | D:5      | Noticed a slave
  4964 | D:5      | Noticed a slave
  4964 | D:5      | Noticed fazisi's ghost (novice TeAE)
  4993 | D:4      | HP: 2/51 [slave[Pikel] (4)]
  5640 | D:4      | Killed a slave
  5946 | D:4      | Killed a slave
  6277 | D:3      | Killed a slave
  6655 | D:4      | Killed Pikel
  6655 | D:4      | Reached skill level 11 in Axes
  6655 | D:4      | Reached XP level 7. HP: 30/57 MP: 8/8
  7146 | D:4      | Reached XP level 8. HP: 25/66 MP: 9/9
  7227 | D:5      | Reached *** piety under Lugonu
  7312 | D:5      | Found Paeqil's Assorted Antiques.
  7899 | D:6      | HP: 3/67 [poisoned by a worker ant]
  7905 | D:6      | HP: 2/67 [poisoned by a worker ant]
  7913 | D:6      | HP: 2/67 [poisoned by a worker ant]
  7919 | D:6      | Slain by a worker ant

Vault maps used:
D:1:      moated_graveyard_arrival, minmay_misc_feat_pillars, st_stairs_11,
          nicolae_ashenzari_panopticon
D:2:      kennysheep_nub, uniq_jessica
D:3:      kennysheep_pointless_box, eino_tiny_chamber, minmay_lizard_king
D:5:      serial_shops, nicolae_shop_competitors_out_of_business,
          portal_sewer_entry_d, first_bread,
          hangedman_abyss_or_decor_jellyfish_corner, uniq_pikel
D:6:      eino_small_chamber_without_monster
Abyss:1:  evilmike_abyss_exit_15, bh_silent_lugonu_exit

Skill      XL: |  1  2  3  4  5  6  7  8 |
---------------+-------------------------+-----
Axes           | 3 4 5 6 8 11 | 11.1
Fighting       | 4 |  4.6
Armour         | 3 4 |  4.4
Dodging        | |  0.7
Invocations    | |  2.4

Action                   |  1- 3 |  4- 6 |  7- 9 || total
-------------------------+-------+-------+-------++-------
Melee: Hand axe          |    99 |   313 |    86 ||   498
Invok: Depart the Abyss  |     1 |       |       ||     1
  Use: Potion            |     1 |     3 |     1 ||     5
       Scroll            |       |    11 |     6 ||    17
  Eat: Chunk             |     1 |     6 |     1 ||     8
       Bread ration      |       |     3 |       ||     3
Armor: Leather armour    |    37 |       |       ||    37
       Ring mail         |       |   119 |    40 ||   159
Dodge: Dodged            |    81 |   150 |    41 ||   272
